 Dungeon Crawl Stone Soup version 0.21.1-1-g345015f (webtiles) character file.

54 Taravok the Covered (level 3, 0/20 HPs)
             Began as a Tengu Wanderer on Apr 2, 2018.
             Was an Initiate of Ashenzari.
             Slain by Sigmund
             ... wielding a +0 scythe
              (3 damage)
             ... on level 2 of the Dungeon.
             The game lasted 00:14:49 (2222 turns).

Taravok the Covered (Tengu Wanderer)                Turns: 2222, Time: 00:14:49

Health: 0/20       AC:  8    Str: 12    XL:     3   Next: 91%
Magic:  4/4        EV:  8    Int: 12    God:    Ashenzari [......]
Gold:   103        SH:  0    Dex: 14    Spells: 2/2 levels left

rFire    . . .     SeeInvis .   d - +0 blowgun
rCold    . . .     Gourm    .   (no shield)
rNeg     . . .     Faith    .   a - +2 scale mail
rPois    .         Spirit   .   (helmet restricted)
rElec    .         Reflect  .   (no cloak)
rCorr    .         Harm     .   (no gloves)
MR       .....                  (boots unavailable)
Stlth    ..........             (no amulet)
HPRegen  0.06/turn              (no ring)
MPRegen  0.09/turn              (no ring)

@: berserk cooldown, slowed, very slow
A: beak, talons 3
a: Curse Item, Renounce Religion


You were on level 2 of the Dungeon.
You worshipped Ashenzari.
Ashenzari was noncommittal.
You were full.

You visited 1 branch of the dungeon, and saw 2 of its levels.

You collected 103 gold pieces.

Inventory:

Hand Weapons
 b - a +0 quarterstaff
 d - a +0 blowgun (weapon)
Missiles
 c - 5 poisoned needles (quivered)
 l - 20 arrows
Armour
 a - a +2 scale mail (worn)
Scrolls
 g - 3 scrolls of remove curse
 h - 2 scrolls of magic mapping {unknown}
 i - 2 scrolls of teleportation {unknown}
 k - a scroll of enchant weapon {unknown}
 m - a scroll of identify {unknown}
Potions
 j - 2 potions of heal wounds {unknown}
Comestibles
 f - 6 rations


   Skills:
 + Level 1.2 Fighting
 + Level 3.1 Staves
   Level 3.2 Bows
 + Level 1.0 Throwing
 + Level 3.6 Armour
 + Level 0.3 Dodging
   Level 1.0 Evocations


You had 2 spell levels left.
You didn't know any spells.

Dungeon Overview and Level Annotations

Branches:
Dungeon (2/15)

Altars:
Ashenzari

Annotations:
D:2 Sigmund


Innate Abilities, Weirdness & Mutations

You have a beak for a mouth.
You have claws for feet.


Message History

* * * LOW HITPOINT WARNING * * *
Something completely misses you. Something hits you but does no damage.
You hear some strange, mumbled words.
Something tries to affect you, but you resist.
A magic dart appears from out of thin air!
The magic dart hits you!
* * * LOW HITPOINT WARNING * * *
Your transformation is almost over.
Something hits you but does no damage. Something hits you but does no damage.
Something hits you but does no damage. Something hits you but does no damage.
Something hits you but does no damage. Something hits you.
* * * LOW HITPOINT WARNING * * *
You feel less wooden.
Your +2 scale mail unmelds from your body.
Something hits you.
You die...

#.........#
#.....#..##
#..#.##..#
#........# ..
##.......# ##.# .#
##...#### ...##.#
#...# ......> #...#
.......
#####..@#####.......
.........{..(.....P.
..............P.PP.≈
................PP.≈
###.......###.≈|..≈≈
#.#...#.# .≈≈P≈≈≈
#.#...#.# .$≈≈≈≈≈ #
#...#.# .).≈≈≈≈
.......# PP.≈≈≈≈


There were no monsters in sight!

Vanquished Creatures
  An adder (D:2)
  A dart slug (D:2)
  A leopard gecko (D:1)
  9 bats
  2 giant cockroaches (D:1)
  3 goblins
  5 hobgoblins
  6 jackals
  A quokka (D:2)
  4 kobolds
  3 rats (D:1)
  3 bushes (D:1)
  A plant (D:1)
40 creatures vanquished.

Notes
Turn   | Place    | Note
-------+----------+-------------------------------------------
     0 | D:1      | Taravok the Tengu Wanderer began the quest for the Orb.
     0 | D:1      | Taravok set off with: a +2 scale mail, a +0 quarterstaff, 10 poisoned needles, a +0 blowgun, a ration
     0 | D:1      | Reached XP level 1. HP: 12/12 MP: 2/2
   465 | D:1      | Reached XP level 2. HP: 13/16 MP: 3/3
   972 | D:1      | Found a shattered altar of Ashenzari.
  1116 | D:1      | Reached XP level 3. HP: 18/20 MP: 4/4
  1512 | D:1      | Became a worshipper of Ashenzari the Shackled
  2185 | D:2      | Noticed Sigmund
  2222 | D:2      | Slain by Sigmund

Skill      XL: |  1  2  3 |
---------------+----------+-----
Armour         | 3 |  3.6
Staves         | 3 |  3.1
Fighting       | |  1.2
Bows           | |  3.2
Throwing       | |  1.0
Dodging        | |  0.3
Evocations     | |  1.0

Action                   || total
-------------------------++-------
Melee: Quarterstaff      ||   289
       Kick              ||   111
       Peck              ||    83
 Fire: Blowgun           ||    11
  Use: Potion            ||     2
  Eat: Ration            ||     3
Armor: Scale mail        ||    73
       Skin              ||     6
Dodge: Dodged            ||    52
